 Dungeon Crawl Stone Soup version 0.18-a0-1584-g146024a (console) character file.

224 FIQ the Chopper (level 6, -1/55 HPs)
             Began as a Hill Orc Fighter on Mar 18, 2016.
             Slain by a wyvern (12 damage)
             ... on level 4 of the Dungeon.
             The game lasted 00:14:19 (2648 turns).

FIQ the Chopper (Hill Orc Fighter)                  Turns: 2648, Time: 00:14:20

Health: -1/55      AC:  7    Str: 23    XL:     6   Next: 0%
Magic:  6/6        EV:  7    Int:  8    God:
Gold:   115        SH:  9    Dex: 12    Spells: 0 memorised, 5 levels left

rFire  . . .     SeeInvis .     a - +0 war axe
rCold  . . .     Gourm    .     b - +0 scale mail
rNeg   . . .     Faith    .     c - +0 shield
rPois  .         Spirit   .     (no helmet)
rElec  .         Dismiss  .     (no cloak)
rCorr  .         Reflect  .     (no gloves)
SustAt .         Harm     .     (no boots)
MR     .....                    (no amulet)
Stlth  ..........               y - +4 ring of strength
                                r - +2 ring of slaying

@: not resistant to hostile enchantments, extremely unstealthy
A: no striking features
a: no special abilities


You were on level 4 of the Dungeon.
You were not hungry.

You visited 1 branch of the dungeon, and saw 4 of its levels.

You collected 115 gold pieces.

Inventory:

Hand Weapons
 a - a +0 war axe (weapon)
Armour
 b - a +0 scale mail (worn)
 c - a +0 shield (worn)
Jewellery
 r - a +2 ring of slaying (left hand)
 w - a +2 ring of dexterity
 y - a +4 ring of strength (right hand)
Scrolls
 j - 3 scrolls of teleportation {unknown}
 k - 5 scrolls of identify {unknown}
 l - a scroll of fog {unknown}
 n - a scroll of fear {unknown}
 q - a scroll of amnesia {unknown}
 u - a scroll of enchant weapon {unknown}
 v - a scroll of noise {unknown}
 z - a scroll of blinking {unknown}
 A - a scroll of enchant armour {unknown}
Potions
 d - 3 potions of might
 e - a potion of curing {unknown}
 h - a potion of invisibility {unknown}
 i - a potion of magic {unknown}
 m - a potion of lignification {unknown}
 o - a potion of flight {unknown}
 t - a potion of cure mutation {unknown}
 B - a potion of degeneration {unknown}
Comestibles
 f - 3 bread rations
 g - a slice of pizza
 p - 4 fruits
 s - a beef jerky
 x - a chunk of flesh


   Skills:
 + Level 4.8 Fighting
 * Level 5.9 Axes
 + Level 4.6 Armour
 - Level 3.2 Shields


You had 5 spell levels left.
You didn't know any spells.

Dungeon Overview and Level Annotations

Branches:
Dungeon (4/15)
 Temple: D:4-7

Altars:
Fedhas
Qazlal


Message History

The wyvern bites you but does no damage.
You slash the wyvern!
The wyvern is moderately wounded.
You block the wyvern's attack. The wyvern closely misses you.
You barely miss the wyvern.
The wyvern is moderately wounded.
The wyvern closely misses you. x2
You closely miss the wyvern.
The wyvern is moderately wounded.
The wyvern bites you! The wyvern closely misses you.
You slice the wyvern!!
The wyvern is almost dead.
The wyvern bites you but does no damage.
The wyvern bites you!
You closely miss the wyvern.
The wyvern is almost dead.
The wyvern bites you!
* * * LOW HITPOINT WARNING * * *
The wyvern bites you!
You die...

..####### ##
........######.#
.......l@$.....#
.....#.#####..#
... #..####.#####
.. ##>..........
... ###.........
.... #####........
.....#............
...P.P..#.........
..PPP..<..####.###
##PP_PP..## #
..PPPPP.##


You could see a wyvern.

Vanquished Creatures
  Natasha (thrice) (D:2 D:3)
  7 adders
  An ooze (D:2)
  2 worms
  3 dart slugs
  A giant gecko (D:2)
  An orc (D:3)
  7 bats
  5 giant cockroaches
  6 hobgoblins
  4 jackals (D:3)
  2 quokkas
  14 giant newts
  5 goblins
  10 kobolds
  7 rats
78 creatures vanquished.

Notes
Turn   | Place    | Note
--------------------------------------------------------------
     0 | D:1      | FIQ the Hill Orc Fighter began the quest for the Orb.
     0 | D:1      | Reached XP level 1. HP: 19/19 MP: 1/1
    96 | D:1      | Reached skill level 3 in Axes
   149 | D:1      | Reached XP level 2. HP: 24/27 MP: 2/2
   509 | D:1      | Reached XP level 3. HP: 31/33 MP: 3/3
   821 | D:2      | Noticed Natasha
   827 | D:2      | Killed Natasha
   827 | D:2      | Reached skill level 4 in Axes
   951 | D:2      | Noticed Natasha
   955 | D:2      | Killed Natasha
   955 | D:2      | Reached XP level 4. HP: 40/40 MP: 4/4
  1043 | D:2      | Reached skill level 5 in Axes
  1043 | D:2      | Reached XP level 5. HP: 30/47 MP: 5/5
  1411 | D:2      | Found a stormy altar of Qazlal.
  1859 | D:3      | Noticed Natasha
  1865 | D:3      | Killed Natasha
  2629 | D:4      | Found a blossoming altar of Fedhas.
  2633 | D:4      | Reached XP level 6. HP: 53/55 MP: 6/6
  2639 | D:4      | Noticed a wyvern
  2648 | D:4      | Slain by a wyvern

Vault maps used:
D:1:      moated_graveyard_arrival, serial_bayou_pond_a, minmay_newt_pond
D:2:      grunt_qazlal_sundering, uniq_natasha
D:3:      first_bread
D:4:      vehumet_statue, zin_treasury, fedhas_altar_3, uniq_grinder

Skill      XL: |  1  2  3  4 |
---------------+-------------+-----
Axes           | 3 4 5 |  5.9
Fighting       | 4 |  4.8
Armour         | 4 |  4.6
Shields        | |  3.2

Action                   |  1- 3 |  4- 6 || total
-------------------------+-------+-------++-------
Melee: War axe           |    73 |   174 ||   247
  Use: Potion            |       |     1 ||     1
  Eat: Chunk             |       |     6 ||     6
